 Dungeon Crawl Stone Soup version 0.30-a0-840-ga523dec638 (webtiles) character file.

Game seed: 16200385508707970514

1239 demibob the Carver (level 8, 0/44 HPs)
             Began as a Tengu Gladiator on Mar 2, 2023.
             Was an Initiate of Kikubaaqudgha.
             Slain by an orc warrior
             ... wielding a +0 halberd
              (13 damage)
             ... on level 6 of the Dungeon.
             The game lasted 00:05:35 (3912 turns).

demibob the Carver (Tengu Gladiator)                Turns: 3912, Time: 00:05:36

Health: 0/44       AC:  7    Str: 15    XL:     8   Next: 49%
Magic:  9/9        EV: 15    Int: 11    God:    Kikubaaqudgha [......]
Gold:   247        SH:  0    Dex: 15    Spells: 6/7 levels left

rFire   . . .      SeeInvis .    a - +1 long sword
rCold   . . .      Faith    .    (no shield)
rNeg    . . .      Spirit   .    v - +3 leather armour
rPois   .          Reflect  .    c - +0 hat
rElec   .          Harm     .    g - +0 cloak
rCorr   .          Rampage  .    (no gloves)
Will    .....                    (boots unavailable)
Stlth   +                        (no amulet)
HPRegen 0.27/turn                (no ring)
MPRegen 0.11/turn                (no ring)

@: flying quickly and evasively, quick
A: beak, talons 3, nimble flight
a: Renounce Religion


You were on level 6 of the Dungeon.
You worshipped Kikubaaqudgha.
Kikubaaqudgha was noncommittal.
You visited 2 branches of the dungeon, and saw 7 of its levels.

You collected 352 gold pieces.
You spent 105 gold pieces at shops.


Innate Abilities, Weirdness & Mutations

You have a beak for a mouth.
You have claws for feet.
Your magical nature lets you fly swiftly and evasively.


   Skills:
 - Level 2.0 Fighting
 + Level 11.3 Long Blades
 - Level 2.0 Throwing
 - Level 3.2 Dodging
 + Level 0.4 Necromancy


You had 6 spell levels left.
You knew the following spells:

 Your Spells              Type           Power      Damage    Failure   Level
X - Necrotise             Necr           4%         1d4       36%         1

Your spell library contained the following spells:

 Spells                   Type           Power      Damage    Failure   Level
 Apportation              Tloc           0%         N/A       41%         1
 Sandblast                Erth           0%         2d4       41%         1
 Summon Small Mammal      Summ           0%         N/A       41%         1
 Blink                    Tloc           0%         N/A       54%         2
 Passwall                 Tmut/Erth      0%         N/A       54%         2
 Gell's Gravitas          Tloc           0%         N/A       78%         3
 Stone Arrow              Conj/Erth      0%         3d7       78%         3
 Summon Lightning Spire   Summ/Air       0%         N/A       99%         4
 Chain Lightning          Conj/Air       0%         N/A       100%        9

Inventory:

Hand Weapons
 a - a +1 long sword (weapon)
Missiles
 d - 3 throwing nets (quivered) {=f}
 e - 6 javelins
Armour
 c - a +0 hat (worn)
 g - a +0 cloak (worn)
 v - a +3 leather armour (worn)
Jewellery
 B - an amulet of reflection
 C - a ring of ice
 N - a ring of positive energy
Wands
 b - a wand of quicksilver (1)
 w - a wand of iceblast (8)
Scrolls
 m - a scroll of enchant weapon
 p - 4 scrolls of teleportation {@r2}
Potions
 f - a potion of heal wounds {@q2}
 h - 2 potions of haste {unknown}
 i - a potion of resistance {unknown}
 j - a potion of invisibility {unknown}
 k - a potion of mutation {unknown}
 l - a potion of degeneration {unknown}
 n - a potion of berserk rage {unknown}
 q - 2 potions of lignification
 s - 2 potions of curing {@q1}
 t - 2 potions of brilliance {unknown}
 u - a potion of magic {unknown}

Dungeon Overview and Level Annotations

Branches:
Dungeon (6/15)             Temple (1/1) D:5

Altars:
Ashenzari
Dithmenos
Gozag
Hepliaklqana
Kikubaaqudgha
Makhleb
Okawaru
Qazlal
Ru
Sif Muna
Trog
Vehumet
Wu Jian
Zin
The Shining One

Shops:
D:3 [([[   D:4 :

Annotations:
D:3 4 runed translucent doors, Crazy Yiuf; pyrow613's ghost, amateur DgCj

....##........#.....# #.#
#..................# #.#
#.......#.###......# ##.#
###...##.###o###......# ##..#
###..........##..##......# #..##
.............###.##......###.##
#..........# #.....######..#
##..........# #o###.# #.##
##...>#.###..###@o##.# ###.#
......#.# #....#.....# #...#
.#...##.# #.##...##.## ##.#######
.#...##.# #)#....##.# #.........
..##.##.###.....###.####...####..
#.............#<.........####...#
####........>####.......†##...###
#.....#.........#.##.....##.###
#.................##...[....#


You could see an orc warrior, an orc priest and an orc.


Message History

Okay, then.
(D) Dungeon (T) Temple
Where to? (Enter - D:5, ? - help)
There is a stone staircase leading down here.
You fly downwards.
There is a stone staircase leading up here.
You now have 230 gold pieces (gained 10).
Found a stone staircase leading down.
q - 2 potions of lignification (gained 1)
You now have 247 gold pieces (gained 17).
t - 2 murky orange potions (gained 1)
There is a stone staircase leading down here.
Found a stone staircase leading down.
An orc warrior comes into view. It is wielding a +0 halberd.
An orc warrior is nearby!
An orc comes into view. It is wielding a +1 dagger of freezing.
The orc shouts!
An orc priest comes into view. It is wielding a +0 falchion.
The orc warrior barely misses you.
The orc warrior hits you from afar with a +0 halberd.
The orc priest invokes the aid of Beogh against you.
Beogh smites you!
There is a stone staircase leading up here.
There is a stone staircase leading up here.
The orc priest calls down the wrath of Beogh upon you.
Beogh smites you!
* * * LOW HITPOINT WARNING * * *
The orc warrior hits you with a +0 halberd!
You die...
Kikubaaqudgha rasps: "You have failed me!
Welcome... death!"

Skill      XL: |  1  2  3  4  5  6  7  8 |
---------------+-------------------------+-----
Long Blades    | 4 5 6 7 8 10 11 | 11.3
Fighting       | |  2.0
Throwing       | |  2.0
Dodging        | |  3.2
Necromancy     | |  0.4

Action                     |  1- 3 |  4- 6 |  7- 9 || total
---------------------------+-------+-------+-------++-------
  Melee: Long sword        |    78 |   107 |    71 ||   256
         Kick              |    16 |    23 |    20 ||    59
         Peck              |     5 |    18 |    13 ||    36
         Punch             |       |       |     1 ||     1
  Evoke: Wand              |       |     2 |       ||     2
    Use: Potion            |       |     1 |     2 ||     3
         Scroll            |       |    10 |     1 ||    11
   Stab: Sleeping          |     2 |       |       ||     2
 Armour: Leather armour    |    20 |    28 |    19 ||    67
         Skin              |       |    12 |       ||    12
  Dodge: Dodged            |    57 |    71 |    44 ||   172

Levels and vault maps discovered:
D:1:      tarquinn_simple_flora_water_e, layout_rooms, minmay_misc_feat_cross
D:2:      layout_rooms, hangedman_glass_teeth, serial_bayou_lagoon_a
D:3:      layout_rooms, serial_shops, shop, nicolae_shop_bloodbath_and_beyond,
          nicolae_lakefront_shop, nicolae_diamond_shop,
          gammafunk_ghost_nasty_kobolds, hex_intersection, grunt_ministairs_5,
          uniq_crazy_yiuf_cottage
D:4:      layout_basic, minitemple, nicolae_hepliaklqana_hazy_memory,
          serial_shops, nicolae_shop_hallway_plus, minmay_fractal_squares_5
D:5:      layout_basic, minmay_temple_entry_enclosed_plants
D:6:      layout_rooms, serial_shops, shop
Temple:   hc_temple_tempest_star

Notes
Turn   | Place    | Note
-------+----------+-------------------------------------------
     0 | D:1      | demibob the Tengu Gladiator began the quest for the Orb.
     0 | D:1      | Reached XP level 1. HP: 12/12 MP: 2/2
    57 | D:1      | Reached XP level 2. HP: 16/17 MP: 3/3
   111 | D:1      | Reached skill level 4 in Long Blades
   239 | D:1      | Got the Elucidation of Non-Euclidean Voltage
   418 | D:1      | Reached XP level 3. HP: 21/21 MP: 4/4
   503 | D:2      | Learned a level 1 spell: Necrotise
   937 | D:3      | Reached skill level 5 in Long Blades
   992 | D:3      | Found Pydeutob's Weapon Shop.
   999 | D:3      | Reached XP level 4. HP: 20/26 MP: 5/5
  1087 | D:3      | Found Qeokk's Antique Armour Shop.
  1291 | D:3      | Found a runed translucent gate.
  1292 | D:3      | Found a runed translucent gate.
  1292 | D:3      | Found a runed translucent gate.
  1292 | D:3      | Noticed a kobold brigand
  1293 | D:3      | Noticed pyrow613's ghost (amateur DgCj)
  1341 | D:3      | Found a runed translucent door.
  1341 | D:3      | Identified the +4 hammer of Doom {drain, rElec MP+9 Int+3}
  1342 | D:3      | Noticed Crazy Yiuf
  1423 | D:3      | Found Bikyaj's Antique Armour Shop.
  1504 | D:3      | Found Yrusil's Antique Armour Emporium.
  1545 | D:3      | Bought a dyed leather armour for 105 gold pieces
  1773 | D:4      | Found Jyiziut's Book Shoppe.
  1922 | D:4      | Found a hazy altar of Hepliaklqana.
  2018 | D:4      | Reached skill level 6 in Long Blades
  2018 | D:4      | Gained mutation: Your magical nature lets you fly swiftly
                  | and evasively. [Tengu growth]
  2018 | D:4      | Reached XP level 5. HP: 30/30 MP: 6/6
  2106 | D:4      | Noticed a phantom
  2129 | D:4      | Reached skill level 7 in Long Blades
  2129 | D:4      | Reached XP level 6. HP: 24/35 MP: 7/7
  2330 | D:4      | You are sucked into a shaft and drop 2 floors!
  2379 | D:6      | Reached skill level 8 in Long Blades
  2402 | D:6      | Noticed an ice beast
  2411 | D:6      | Killed an ice beast
  2412 | D:6      | Reached XP level 7. HP: 40/40 MP: 8/8
  2487 | D:6      | Reached skill level 9 in Long Blades
  2631 | D:6      | Reached skill level 10 in Long Blades
  2631 | D:6      | Reached XP level 8. HP: 25/44 MP: 9/9
  2637 | D:5      | Entered Level 5 of the Dungeon
  2812 | D:4      | Found an ornate altar of the Wu Jian Council.
  2814 | D:4      | Found a glowing silver altar of Zin.
  3218 | D:5      | Reached skill level 11 in Long Blades
  3571 | D:5      | Found a staircase to the Ecumenical Temple.
  3581 | Temple   | Entered the Ecumenical Temple
  3699 | Temple   | Became a worshipper of Kikubaaqudgha
  3912 | D:6      | Slain by an orc warrior

Vanquished Creatures
  2 ice beasts (D:6)
  A black bear (D:5)
  2 ogres
  A phantom (D:4)
  A bullfrog (D:6)
  4 scorpions
  A necrophage (D:4)
  2 jellies
  2 hounds
  3 iguanas
  9 adders
  2 worms (D:3)
  3 dart slugs
  7 orcs
  6 endoplasms
  7 giant cockroaches
  5 goblins
  2 hobgoblins (D:3)
  3 jackals (D:5)
  6 kobolds
  9 ball pythons
  8 bats
  4 frilled lizards
  8 rats
98 creatures vanquished.

Table legend: (Time is in decaauts)
 A = Elapsed time spent in this place.
 B = Non-inter-level travel time spent in this place.
 C = Inter-level travel time spent in this place.
 D = Time resting spent in this place.
 E = Time spent auto-exploring this place.
 F = Levels seen in this place.
 G = Mean time per level.
                   A        B        C        D        E       F      G
               +--------+--------+--------+--------+--------+-----+--------+
         Total |   3796 |   3674 |    122 |    178 |   2796 |   7 |  542.3 |
       Dungeon |   3674 |   3568 |    106 |    178 |   2705 |   6 |  612.3 |
        Temple |    122 |    106 |     16 |      0 |     90 |   1 |  122.0 |
               +--------+--------+--------+--------+--------+-----+--------+

Top non-repeatable levels by time:
     D:4: 877 daAuts
     D:3: 825 daAuts
     D:5: 645 daAuts
     D:1: 499 daAuts
     D:2: 448 daAuts
     D:6: 378 daAuts
  Temple: 122 daAuts

Table legend:
 A = Non-vault XP
 B = Vault XP
 C = Vault XP percentage of total XP
 D = Non-vault monster count
 E = Vault monster count
 F = Vault count percentage of total count
                 A         B        C        D         E       F
            +---------+---------+-------+---------+---------+-------
      Total |    1539 |     231 |  13.1 |      88 |      10 |  10.2
            +---------+---------+-------+---------+---------+-------
        D:1 |      36 |       0 |   0.0 |      22 |       0 |   0.0
        D:2 |      25 |       0 |   0.0 |      11 |       0 |   0.0
        D:3 |      69 |      15 |  17.9 |      21 |       2 |   8.7
        D:4 |     170 |     216 |  56.0 |      14 |       8 |  36.4
        D:5 |     493 |       0 |   0.0 |      10 |       0 |   0.0
        D:6 |     746 |       0 |   0.0 |      10 |       0 |   0.0
            +---------+---------+-------+---------+---------+-------
